Map: [ESL] Oceanborn

Players

Krystianer - Winner!

  • Race: Protoss Protoss
  • Spawn Location: 5:00

Elazer

  • Race: Zerg Zerg
  • Spawn Location: 11:00

Event: ESL SC2 Masters 2024 Spring (Regional)

VOD

Have the link to the VOD?

Description

Time

  • Played on: April 26, 2024, 11:50 a.m.
  • Length: 12:48

All games in this series

Show
View Real Time Build Order
Export as new Build Order

Krystianer Protoss - Winner!

Build Orders: 1 Gate Expand, Oracle Opening, Archon Immortal, Archon Drop 

Get SALT Encoding   

  12  0:00  Probe  
  13  0:12  Probe  
  14  0:18  Pylon  
  14  0:24  Probe (Chrono Boost)  
  15  0:36  Probe (Chrono Boost)  
  15  0:40  Gateway  
  16  0:45  Probe (Chrono Boost)  
  16  0:46  Assimilator  
  17  0:50  Probe  
  18  1:03  Probe  
  19  1:15  Probe  
  20  1:24  Nexus  
  20  1:33  Cybernetics Core  
  20  1:36  Probe  
  21  1:43  Assimilator  
  21  1:48  Probe  
  21  1:52  Pylon  
  22  2:01  Probe  
  23  2:07  Adept (Chrono Boost)  
  23  2:13  Probe  
  26  2:16  Stargate  
  26  2:23  Warp Gate  
  26  2:25  Probe (Chrono Boost)  
  26  2:27  Adept (Chrono Boost)  
  27  2:35  Probe (Chrono Boost)  
  30  2:43  Probe (Chrono Boost)  
  32  2:45  Probe (Chrono Boost)  
  32  2:49  Probe (Chrono Boost)  
  32  2:50  Probe (Chrono Boost), Adept  
  36  2:58  Oracle (Chrono Boost)  
  36  3:01  Probe  
  36  3:02  Probe  
  41  3:08  Pylon  
  41  3:13  Probe  
  41  3:14  Probe  
  43  3:25  Probe  
  43  3:26  Probe  
  43  3:31  Gateway  
  43  3:32  Assimilator  
  43  3:34  Assimilator  
  41  3:37  Robotics Facility  
  41  3:39  Probe (Chrono Boost)  
  43  3:41  Probe (Chrono Boost)  
  44  3:49  Probe (Chrono Boost)  
  44  3:52  Probe (Chrono Boost)  
  44  3:54  Probe (Chrono Boost)  
  45  3:59  Gateway x2  
  45  4:00  Pylon  
  45  4:02  Probe  
  47  4:05  Probe  
  48  4:14  Probe  
  49  4:17  Probe  
  49  4:21  Warp Prism (Chrono Boost)  
  50  4:26  Adept x2  
  50  4:30  Pylon  
  56  4:32  Twilight Council  
  56  4:43  Nexus  
  56  4:46  Probe  
  56  4:49  Stalker  
  56  4:51  Probe  
  60  4:57  Forge  
  60  4:58  Probe  
  61  5:03  Probe  
  62  5:08  Templar Archives  
  62  5:10  Probe  
  62  5:11  Immortal (Chrono Boost)  
  67  5:17  Pylon  
  67  5:19  Probe  
  68  5:22  Probe  
  68  5:24  Pylon  
  69  5:31  Protoss Ground Weapons Level 1, Probe  
  69  5:35  Probe  
  71  5:43  Probe  
  71  5:44  High Templar x4  
  71  5:47  Immortal (Chrono Boost), Probe  
  71  5:48  Archon x2  
  85  5:53  Pylon  
  85  5:56  Probe  
  86  5:58  Probe  
  86  5:59  Probe  
  86  6:08  Assimilator, Probe  
  86  6:10  Probe  
  86  6:11  Assimilator  
  86  6:13  Pylon, Probe  
  86  6:16  Immortal (Chrono Boost)  
  91  6:19  Shield Battery  
  91  6:20  Probe  
  92  6:30  Gateway  
  92  6:31  Gateway  
  92  6:33  Charge  
  92  6:34  Gateway  
  92  6:37  Probe x2  
  92  6:39  Sentry x3  
  100  6:41  Immortal (Chrono Boost)  
  100  6:43  Pylon  
  104  6:48  Probe  
  104  6:50  Probe  
  106  7:00  Pylon  
  106  7:02  Gateway  
  106  7:05  Gateway  
  106  7:07  Shield Battery  
  106  7:08  Photon Cannon  
  106  7:12  Immortal (Chrono Boost)  
  110  7:15  High Templar x2  
  110  7:16  Zealot x2  
  110  7:21  Pylon  
  110  7:22  Archon  
  118  7:27  Zealot, Pylon  
  120  7:34  Zealot x2, Pylon  
  124  7:38  Zealot x2, Immortal (Chrono Boost)  
  124  7:40  Protoss Ground Weapons Level 2 (Chrono Boost)  
  132  7:48  Zealot x3  
  138  7:57  Robotics Facility  
  138  7:58  Pylon  
  138  8:01  Psionic Storm  
  138  8:13  High Templar  
  138  8:14  High Templar x2  
  138  8:15  Zealot x5, High Templar  
  156  8:23  Pylon  
  156  8:25  Pylon  
  156  8:27  Observer (Chrono Boost)  
  156  8:31  Probe  
  156  8:32  Probe  
  156  8:34  Nexus  
  159  8:35  Pylon  
  159  8:50  Probe  
  159  8:51  Zealot x3, Immortal (Chrono Boost)  
  159  8:53  Probe  
  171  9:02  Zealot x6  
  171  9:12  Immortal (Chrono Boost)  
  171  9:15  Probe  
  164  9:20  High Templar x3  
  164  9:22  High Templar  
  164  9:23  Zealot x3  
  179  9:25  Archon  
  179  9:26  Observer (Chrono Boost), Archon  
  179  9:29  Photon Cannon  
  179  9:32  Photon Cannon  
  179  9:39  Zealot x2  
  179  9:45  Zealot x3  
  173  9:53  Stargate  
  173  9:54  Stargate  
  173  9:56  Fleet Beacon  
  173  10:07  Zealot x8  
  175  10:28  Probe x2  
  175  10:30  Probe  
  175  10:31  Pylon  
  175  10:32  Assimilator  
  175  10:34  Assimilator  
  176  10:38  Probe  
  176  10:41  Carrier x3 (Chrono Boost)  
  187  11:04  Observer  
  187  11:09  Zealot x6  
  194  11:21  High Templar x3  
  178  11:33  Zealot x6  
  189  11:42  Pylon  
  189  11:44  Pylon  
  189  11:45  Pylon  
  169  12:00  Zealot x2  
  165  12:10  Zealot x7  
  165  12:11  Archon  
  163  12:24  Nexus  
  159  12:33  Zealot x4  
  153  12:43  High Templar x4  
Show
View Real Time Build Order
Export as new Build Order

Elazer Zerg 

Build Orders: Hatch First, Lurkers 

Get SALT Encoding   

  12  0:00  Drone  
  13  0:12  Overlord  
  13  0:17  Drone  
  14  0:30  Drone x2  
  16  0:49  Hatchery  
  15  0:51  Drone  
  15  0:55  Drone  
  17  0:58  Drone  
  18  1:09  Extractor  
  17  1:13  Spawning Pool  
  17  1:16  Drone  
  17  1:19  Drone  
  18  1:28  Drone  
  19  1:38  Drone  
  20  1:52  Drone  
  21  2:00  Queen  
  21  2:01  Zergling x2, Queen  
  25  2:03  Overlord  
  26  2:10  Drone  
  26  2:11  Drone  
  26  2:12  Metabolic Boost  
  28  2:22  Drone  
  29  2:23  Drone  
  30  2:33  Hatchery  
  29  2:39  Queen  
  29  2:43  Drone  
  32  2:45  Drone  
  32  2:47  Overlord  
  33  2:51  Zergling x2  
  33  2:54  Zergling x2  
  33  2:55  Zergling x2  
  36  3:04  Overlord  
  36  3:06  Queen  
  36  3:07  Drone  
  39  3:13  Drone x3  
  42  3:23  Drone x2  
  40  3:30  Queen  
  40  3:32  Drone x2  
  44  3:38  Drone  
  45  3:41  Queen  
  45  3:43  Overlord  
  45  3:45  Drone x3  
  45  3:48  Drone  
  49  3:57  Drone x5  
  49  3:58  Drone  
  55  4:03  Overlord  
  55  4:08  Drone x2  
  57  4:12  Drone x3  
  60  4:18  Overlord  
  60  4:19  Drone x2  
  62  4:29  Drone x2  
  62  4:30  Queen  
  66  4:32  Overlord, Roach Warren  
  66  4:33  Drone x2  
  66  4:36  Extractor  
  66  4:38  Drone x3  
  68  4:41  Drone x2  
  68  4:45  Drone  
  71  4:48  Drone x2  
  71  4:49  Drone  
  71  4:50  Drone, Extractor  
  71  4:51  Extractor x2  
  72  4:55  Overlord  
  72  4:56  Drone  
  73  5:01  Drone x4  
  73  5:04  Overlord  
  73  5:06  Overlord, Extractor  
  76  5:07  Overlord  
  76  5:12  Roach x2  
  80  5:17  Overlord  
  80  5:19  Drone x4, Lair  
  84  5:26  Roach x2  
  84  5:28  Roach x3  
  94  5:30  Overlord  
  94  5:34  Drone  
  95  5:40  Roach x2  
  99  5:44  Overlord  
  99  5:49  Drone x6  
  105  5:56  Overlord  
  104  5:59  Drone x5  
  106  6:06  Drone x4, Hatchery  
  106  6:10  Overlord, Drone  
  109  6:16  Overlord  
  109  6:18  Glial Reconstitution  
  109  6:19  Infestation Pit  
  109  6:23  Overlord  
  109  6:25  Roach x5  
  115  6:34  Hydralisk Den  
  114  6:47  Overlord  
  114  6:57  Hive  
  114  7:04  Evolution Chamber  
  114  7:05  Hydralisk x10  
  114  7:07  Lurker Den  
  132  7:12  Hatchery  
  131  7:16  Overlord, Grooved Spines  
  131  7:17  Hydralisk x4  
  131  7:18  Hatchery  
  138  7:25  Overseer  
  138  7:26  Overlord  
  138  7:27  Hydralisk x3  
  144  7:33  Drone  
  144  7:34  Drone x5  
  150  7:39  Drone  
  150  7:43  Hatchery  
  151  7:44  Drone x8  
  159  7:53  Zerg Missile Weapons Level 1  
  159  7:54  Overlord  
  159  8:01  Extractor, Drone x4  
  159  8:03  Extractor  
  159  8:08  Hydralisk x6  
  171  8:13  Lurker  
  171  8:16  Seismic Spines  
  172  8:22  Hydralisk x4, Lurker x2  
  172  8:24  Overlord  
  182  8:28  Spore Crawler  
  182  8:30  Spine Crawler  
  182  8:31  Spore Crawler  
  179  8:37  Lurker x2  
  179  8:39  Lurker  
  182  8:47  Lurker  
  183  8:54  Spore Crawler  
  182  8:57  Spore Crawler  
  177  9:03  Spore Crawler  
  177  9:04  Overlord  
  174  9:10  Overlord, Drone  
  174  9:11  Drone x5  
  174  9:14  Overlord, Spine Crawler x2  
  174  9:15  Spine Crawler  
  175  9:20  Spine Crawler  
  175  9:23  Adaptive Talons  
  174  9:25  Lurker x6  
  174  9:26  Lurker  
  174  9:30  Hatchery  
  180  9:32  Spine Crawler  
  180  9:38  Spine Crawler, Spore Crawler  
  175  9:44  Drone x3  
  175  9:45  Drone  
  172  9:48  Lurker x5  
  172  9:50  Spore Crawler  
  172  9:51  Drone x3  
  177  9:57  Hydralisk  
  177  9:58  Hydralisk x3  
  185  10:06  Queen  
  184  10:18  Muscular Augments  
  184  10:19  Hydralisk x7  
  197  10:36  Spore Crawler, Drone x4  
  197  10:38  Spore Crawler  
  197  10:40  Spore Crawler  
  198  10:43  Nydus Network  
  171  11:15  Hydralisk  
  171  11:16  Hydralisk x13, Hatchery  
  195  11:33  Hydralisk x2  
  169  11:48  Hydralisk x9  
  171  11:56  Hydralisk x3  
  145  12:14  Hydralisk x6  
  129  12:19  Drone x4  
  131  12:24  Drone x3  
  131  12:27  Drone  
  131  12:28  Drone  
  132  12:35  Drone x2  
Tags
 
Add a new tag
Caveats
  • Supply blocks, unpowered buildings, or Contaminate may cause inaccurate times.
  • Supply counts are checked every 10 seconds.